Map: Deathaura LE

Players

liquidthermy (uThermal) - Winner!

  • Race: Terran Terran
  • Spawn Location: 5:00

PtitDrogo

  • Race: Protoss Protoss
  • League: Grandmaster
  • Spawn Location: 11:00

Event: DreamHack SC2 Masters 2020 Summer Europe

VOD

Have the link to the VOD?

Description

Time

  • Played on: July 5, 2020, 11:20 a.m.
  • Length: 15:28

All games in this series

Show
View Real Time Build Order
Export as new Build Order

liquidthermy Terran - Winner!

Build Orders: Reaper Expand 

Get SALT Encoding   

  12  0:01  SCV  
  13  0:13  SCV  
  14  0:17  Supply Depot  
  14  0:25  SCV  
  15  0:38  SCV  
  15  0:39  Barracks  
  16  0:44  Refinery  
  16  0:50  SCV  
  17  1:02  SCV  
  18  1:14  SCV  
  19  1:26  Reaper  
  19  1:27  Orbital Command  
  20  1:40  Command Center  
  20  1:49  Supply Depot  
  20  1:52  SCV  
  21  1:59  Barracks Tech Lab  
  21  2:04  SCV  
  22  2:10  Barracks  
  22  2:17  SCV  
  22  2:18  Concussive Shells, Marauder  
  25  2:23  Refinery  
  25  2:29  SCV  
  26  2:39  Marauder  
  26  2:41  SCV  
  29  2:48  Factory  
  29  2:52  Orbital Command  
  29  2:54  SCV  
  30  2:59  Marine  
  31  3:06  SCV  
  31  3:09  Marine  
  31  3:11  Stimpack  
  33  3:18  SCV, Barracks Reactor  
  33  3:19  SCV  
  35  3:26  Marine  
  34  3:30  SCV  
  34  3:31  SCV  
  34  3:32  Orbital Command  
  37  3:35  Starport  
  37  3:38  Supply Depot  
  37  3:42  SCV  
  38  3:51  Factory Reactor  
  38  3:54  SCV  
  37  4:01  Marine x3  
  37  4:02  SCV  
  39  4:03  Bunker  
  39  4:06  SCV  
  40  4:14  SCV  
  40  4:15  Barracks  
  41  4:18  SCV  
  41  4:19  Marine x2  
  41  4:20  Marauder  
  41  4:23  Supply Depot  
  46  4:26  SCV  
  46  4:29  Engineering Bay  
  46  4:30  SCV  
  48  4:33  Refinery  
  48  4:36  Medivac x2  
  52  4:41  Marauder  
  52  4:42  Supply Depot, Factory Tech Lab  
  52  4:44  Marine x2  
  52  4:45  SCV x2  
  58  4:54  Combat Shield  
  58  4:55  Supply Depot  
  58  4:57  SCV x2  
  60  5:02  Marine x2  
  60  5:04  Marauder  
  64  5:07  Supply Depot  
  64  5:08  Marauder  
  64  5:09  SCV  
  64  5:11  SCV  
  68  5:17  Terran Infantry Weapons Level 1  
  68  5:19  Supply Depot  
  68  5:20  Marine x2  
  70  5:21  SCV  
  70  5:24  Marine  
  72  5:29  Medivac  
  74  5:37  Medivac  
  74  5:39  Marine x2  
  74  5:40  Marine  
  74  5:42  Marine  
  80  5:54  SCV x2  
  80  5:55  Refinery, Command Center  
  82  5:57  Marine x2  
  82  5:59  Marauder  
  82  6:01  Marauder  
  88  6:07  SCV x2  
  88  6:08  Supply Depot  
  90  6:18  Marine  
  90  6:19  SCV  
  90  6:20  Barracks  
  90  6:22  SCV, Barracks  
  90  6:24  Marauder  
  94  6:30  Marauder  
  94  6:32  Marine  
  96  6:33  Supply Depot  
  96  6:35  Viking  
  98  6:42  Viking  
  98  6:45  SCV x2  
  102  6:54  Marine x2  
  102  6:55  Marauder x2  
  102  6:57  SCV  
  102  6:58  SCV  
  108  7:05  Viking  
  110  7:09  Orbital Command  
  110  7:11  Barracks Tech Lab  
  110  7:12  Viking  
  110  7:13  Barracks Tech Lab  
  112  7:17  Terran Infantry Armor Level 1  
  112  7:18  Marauder  
  112  7:19  Marauder, Marine  
  117  7:23  Supply Depot  
  117  7:28  SCV, Ghost Academy  
  118  7:30  Marauder  
  118  7:34  SCV x2  
  118  7:37  Viking  
  124  7:43  Supply Depot  
  124  7:44  Viking  
  124  7:45  Marauder  
  124  7:46  Marauder  
  124  7:47  Marauder  
  124  7:49  Supply Depot  
  124  7:51  Supply Depot  
  132  7:53  Marine  
  133  7:59  Missile Turret  
  133  8:04  Marine  
  133  8:05  Supply Depot, Ghost  
  135  8:07  Ghost x2  
  135  8:10  SCV, Ghost  
  135  8:11  SCV, Viking, Marine  
  135  8:12  Refinery  
  147  8:16  Viking, Refinery  
  147  8:18  Supply Depot  
  149  8:20  SCV  
  149  8:22  Marine  
  149  8:26  SCV  
  153  8:27  SCV, Supply Depot  
  153  8:29  Marine  
  153  8:31  Supply Depot  
  153  8:32  SCV  
  155  8:35  Marauder  
  155  8:36  Marine x2  
  155  8:40  Marauder, Marine  
  162  8:41  Viking  
  162  8:46  Viking, Marine  
  167  8:54  Marauder, Marine  
  170  8:55  Marine  
  170  9:01  Marauder  
  172  9:04  Armory  
  172  9:08  Missile Turret, Command Center  
  172  9:13  Marine  
  172  9:14  Marauder  
  174  9:17  Marine  
  174  9:18  Marauder  
  177  9:29  Marine  
  177  9:30  Marauder  
  156  9:31  Marine  
  156  9:35  Marauder, Marine  
  149  9:39  Marauder  
  134  9:47  Marine  
  134  9:51  Marauder  
  134  9:52  Marine  
  126  9:53  Liberator x2  
  126  9:56  Marine  
  126  9:57  Marauder  
  132  10:00  Marauder  
  132  10:05  Marine  
  124  10:10  Marine  
  124  10:12  Marauder  
  124  10:13  Marine  
  126  10:18  Marauder  
  126  10:22  Marauder, Marine  
  126  10:24  SCV  
  126  10:28  Marine  
  130  10:31  Marine  
  130  10:34  Marauder  
  128  10:35  Liberator  
  128  10:36  Liberator  
  128  10:37  SCV  
  128  10:39  Marauder  
  128  10:41  Marauder  
  135  10:43  Marine  
  135  10:45  Marine  
  135  10:49  Marine  
  133  10:55  Marauder  
  123  11:01  Marauder x2  
  123  11:02  Marine  
  123  11:03  Marine, Terran Infantry Weapons Level 2  
  125  11:07  Marine  
  125  11:08  Engineering Bay  
  126  11:13  Command Center  
  126  11:14  Engineering Bay  
  126  11:19  Medivac  
  126  11:20  SCV x2, Medivac  
  126  11:21  SCV, Marine  
  126  11:25  Terran Ship Weapons Level 1  
  140  11:29  Ghost x4  
  140  11:33  Marine  
  140  11:39  Terran Infantry Armor Level 2, Marine  
  142  11:49  Viking  
  142  11:50  Viking  
  142  11:51  Enhanced Shockwaves, Marine  
  147  11:57  Marine  
  147  11:58  Marauder x2, Marine  
  147  11:59  Marauder  
  155  12:03  Missile Turret  
  155  12:09  Marine  
  155  12:15  Marine  
  157  12:16  Marauder  
  157  12:17  Barracks  
  157  12:18  Barracks x2  
  157  12:19  Viking x2, Marine  
  157  12:20  Marauder x2  
  155  12:40  Marauder, Marine x2  
  155  12:41  Marauder  
  157  12:49  Viking x2  
  156  12:54  Marauder, Marine  
  156  12:58  Marine  
  157  13:02  Marauder  
  157  13:03  Marine  
  157  13:04  Marauder  
  155  13:09  Barracks Reactor, Barracks Tech Lab x2  
  155  13:11  Marine  
  156  13:15  Marauder, Marine  
  156  13:19  Viking x2  
  163  13:21  Marine  
  163  13:23  Marauder  
  163  13:25  Marauder  
  163  13:26  SCV  
  165  13:27  Marine  
  165  13:28  Marauder  
  165  13:30  Marauder  
  165  13:32  SCV  
  165  13:33  Marine  
  169  13:37  Marauder  
  169  13:39  Marine  
  169  13:44  Marauder, Missile Turret  
  169  13:45  Marine  
  169  13:47  Marauder  
  169  13:48  Planetary Fortress  
  174  13:51  Viking  
  174  13:53  Viking  
  174  13:55  Marine  
  179  13:56  Marine  
  179  14:00  Marauder, Marine  
  179  14:01  Marine  
  184  14:03  Marine  
  185  14:12  Marine  
  185  14:13  Marauder  
  185  14:14  Marauder, Marine  
  190  14:19  Marine  
  190  14:20  Marauder  
  193  14:26  Viking x2, Marine  
  193  14:27  Marauder  
  197  14:40  Marauder, Marine  
  200  14:58  Command Center  
  200  15:01  Command Center  
  200  15:06  Marauder, Marine  
Show
View Real Time Build Order
Export as new Build Order

PtitDrogo Protoss 

Build Orders: 1 Gate Expand, Blink Stalkers, Colossus Rush 

Get SALT Encoding   

  12  0:00  Probe  
  13  0:12  Probe  
  14  0:17  Pylon  
  14  0:25  Probe  
  15  0:33  Probe  
  15  0:36  Gateway  
  15  0:41  Probe  
  16  0:47  Assimilator  
  17  0:51  Probe  
  18  1:04  Probe  
  19  1:16  Probe  
  20  1:23  Cybernetics Core  
  20  1:33  Nexus  
  20  1:39  Pylon  
  20  1:42  Probe  
  21  1:47  Assimilator  
  21  1:49  Adept  
  21  1:54  Probe  
  24  2:01  Shield Battery  
  24  2:05  Warp Gate  
  24  2:07  Probe  
  25  2:09  Stalker  
  25  2:19  Probe  
  28  2:32  Probe  
  28  2:36  Twilight Council  
  29  2:42  Probe  
  29  2:44  Probe  
  30  2:50  Probe  
  31  2:56  Probe  
  33  3:00  Probe  
  33  3:04  Stalker  
  36  3:08  Probe  
  36  3:10  Robotics Facility  
  36  3:12  Probe  
  38  3:20  Probe, Blink  
  38  3:22  Probe  
  40  3:32  Probe, Gateway  
  41  3:37  Probe  
  41  3:40  Gateway  
  41  3:45  Probe  
  43  3:51  Probe  
  43  3:53  Stalker  
  46  4:01  Probe, Pylon  
  46  4:05  Probe  
  46  4:06  Assimilator  
  46  4:08  Assimilator  
  46  4:19  Probe x2, Pylon, Observer  
  49  4:25  Robotics Bay  
  49  4:30  Nexus  
  49  4:31  Probe x2  
  51  4:39  Pylon  
  51  4:42  Forge, Observer  
  51  4:43  Probe  
  51  4:44  Stalker  
  55  4:46  Probe  
  56  4:55  Probe  
  56  4:58  Probe, Stalker x2  
  62  5:02  Colossus  
  62  5:08  Probe  
  62  5:09  Pylon  
  62  5:10  Probe  
  70  5:21  Charge  
  70  5:22  Observer  
  70  5:27  Probe x2  
  71  5:35  Stalker x2, Sentry  
  75  5:36  Shield Battery  
  75  5:39  Probe, Shield Battery  
  75  5:42  Colossus  
  78  5:47  Probe  
  79  5:51  Probe x2  
  79  5:56  Protoss Ground Weapons Level 1  
  87  5:58  Zealot x2  
  87  5:59  Probe  
  87  6:01  Pylon  
  92  6:08  Photon Cannon  
  92  6:09  Probe, Observer  
  93  6:19  Probe x2  
  93  6:21  Probe  
  96  6:27  Assimilator  
  96  6:28  Stalker  
  96  6:29  Pylon  
  96  6:30  Assimilator  
  96  6:31  Pylon  
  96  6:32  Probe x2  
  100  6:36  Extended Thermal Lance  
  100  6:40  Pylon  
  100  6:41  Shield Battery  
  100  6:43  Gateway  
  100  6:50  Zealot x2  
  100  6:52  Stalker  
  106  6:55  Colossus  
  106  6:56  Probe x2  
  108  7:03  Probe  
  108  7:04  Photon Cannon  
  109  7:11  Gateway  
  109  7:13  Gateway  
  109  7:15  Robotics Facility, Forge, Gateway  
  115  7:18  Dark Shrine  
  115  7:20  Protoss Ground Armor Level 1  
  115  7:21  Sentry  
  115  7:22  Zealot x2  
  121  7:31  Gateway  
  121  7:34  Gateway  
  121  7:49  Probe  
  121  7:50  Pylon  
  122  7:52  Pylon x2  
  122  7:53  Protoss Ground Weapons Level 2  
  122  7:56  Nexus  
  122  7:58  Immortal  
  122  8:01  Pylon  
  122  8:10  Disruptor  
  129  8:16  Zealot x3  
  135  8:30  Dark Templar x3  
  141  8:35  Colossus, Dark Templar x2  
  141  8:36  Zealot x2  
  141  8:37  Zealot  
  141  8:39  Pylon  
  141  8:40  Archon  
  151  8:44  Pylon  
  151  8:46  Shield Battery  
  157  8:57  Disruptor  
  160  9:07  Dark Templar  
  160  9:08  Dark Templar  
  160  9:09  Zealot x4  
  170  9:15  Archon  
  144  9:31  Stalker x3  
  144  9:32  Disruptor  
  144  9:36  Stalker  
  144  9:37  Zealot x2  
  122  9:42  Zealot x2  
  100  9:52  Colossus  
  85  9:56  Stalker x3  
  85  9:58  Zealot x2  
  88  10:02  Zealot x3  
  82  10:15  Colossus  
  82  10:19  Stalker x5  
  89  10:24  Zealot x2  
  89  10:26  Pylon x2  
  91  10:33  Zealot  
  90  10:42  Zealot x5  
  98  10:49  Zealot x2  
  98  10:52  Protoss Ground Armor Level 2  
  98  10:53  Zealot  
  88  10:58  Protoss Ground Weapons Level 3  
  88  11:00  Probe x2  
  88  11:04  Stalker x4  
  90  11:08  Sentry  
  98  11:14  Dark Templar x2  
  98  11:17  Colossus  
  102  11:31  Probe x2  
  110  11:35  Dark Templar  
  112  11:40  Archon  
  112  11:41  Dark Templar x2  
  112  11:42  Zealot  
  112  11:44  Probe  
  119  11:48  Archon  
  119  11:55  Stalker x2  
  119  11:56  Zealot x2  
  119  12:01  Colossus  
  127  12:02  Stalker  
  129  12:13  Zealot  
  129  12:14  Zealot x2  
  141  12:19  Assimilator  
  141  12:21  Assimilator  
  141  12:25  Photon Cannon  
  139  12:35  Stalker x3  
  139  12:36  Stalker x2  
  135  12:43  Zealot x3  
  129  12:52  Probe  
  120  13:00  Zealot x3  
  120  13:01  Zealot x2  
  120  13:13  Stalker x3  
  120  13:29  Stalker x5  
  120  13:30  Colossus  
  130  13:35  Probe x2  
  132  13:41  Sentry  
  132  13:46  Gateway  
  132  13:47  Gateway, Dark Templar x2  
  144  13:49  Templar Archives  
  144  13:56  Archon  
  144  13:58  Zealot x2, Dark Templar x2  
  144  13:59  Zealot  
  144  14:00  Pylon  
  144  14:02  Archon  
  152  14:12  Disruptor  
  152  14:15  Nexus  
  155  14:25  Stalker x2  
  157  14:39  Probe  
  157  14:41  Disruptor  
  157  14:45  Robotics Facility  
  158  14:49  Dark Templar x4  
  169  14:52  Archon  
  169  14:53  Archon  
  169  15:03  Stalker x2  
  145  15:13  Zealot x2  
  90  15:21  Zealot x4  
Tags
 
Add a new tag
Caveats
  • Supply blocks, unpowered buildings, or Contaminate may cause inaccurate times.
  • Supply counts are checked every 10 seconds.